EL
CORPUS CHRISTI HOOKS @ JACKSON GENERALS
07/03/2044
 
TOP OF THE 1ST
Corpus Christi Hooks batting - Pitching for Jackson Generals : RHP Chris Gilbo
Pitching: RHP Chris Gilbo
Batting: RHB Chris McGrath 0-0: Swinging Strike
0-1: Ball
1-1: Foul Ball, location: 2F
1-2: Strikes out swinging
Batting: RHB Antonio Gamez 0-0: Called Strike
0-1: Ball
1-1: Called Strike
1-2: Foul Ball, location: 2F
1-2: Ground out 2-3 (Groundball, 2L, EV 71.3 MPH)
Batting: RHB Antonio Aranda 0-0: Ball
1-0: Swinging Strike
1-1: Foul Ball, location: 2F
1-2: Foul Ball, location: 2F
1-2: Ball
2-2: Ball
3-2: SINGLE (Line Drive, 7LS, EV 90.0 MPH)
Batting: LHB Sean Trueblood 0-0: Ball
1-0: Called Strike
1-1: Ball
2-1: Foul Ball, location: 2F
2-2: Fly out, F6 (Flyball, 56D, EV 89.4 MPH)
Top of the 1st over - 0 runs, 1 hit, 0 errors, 1 left on base; Corpus Christi 0 - Jackson 0
BOTTOM OF THE 1ST
Jackson Generals batting - Pitching for Corpus Christi Hooks : RHP Chad Curry
Pitching: RHP Chad Curry
Batting: RHB Malik Brookshire 0-0: Swinging Strike
0-1: SINGLE (Groundball, 34D, EV 96.3 MPH)
Batting: LHB Jerrod Cluck 0-0: Ball
Malik Brookshire steals 2nd base (no throw)
1-0: Foul Ball, location: 2F
1-1: Fly out, F7 (Flyball, 78M, EV 95.6 MPH)
Batting: LHB Cliff Thomas 0-0: Called Strike
0-1: Ball
Malik Brookshire steals 3rd base
1-1: Fly out, F9 (Flyball, 9LM, EV 91.3 MPH)
Batting: LHB Tom Reynolds 0-0: Ball
1-0: Called Strike
1-1: Ball
2-1: Ball
3-1: Base on Balls
Batting: RHB Harutomi Matsubara 0-0: Ball
1-0: SINGLE (Groundball, 4MS, EV 70.6 MPH) (infield hit)
Malik Brookshire scores
Tom Reynolds to second
Batting: LHB Dwain Ashford 0-0: Fly out, F5 (Popup, 5F, EV 73.8 MPH)
Bottom of the 1st over - 1 run, 2 hits, 0 errors, 2 left on base; Corpus Christi 0 - Jackson 1
TOP OF THE 2ND
Corpus Christi Hooks batting - Pitching for Jackson Generals : RHP Chris Gilbo
Batting: LHB Daniel Lopez 0-0: Ball
1-0: Called Strike
1-1: Ball
2-1: Foul Ball, location: 2F
2-2: Ball
3-2: Base on Balls
Batting: RHB Jim Huff 0-0: Called Strike
0-1: Called Strike
0-2: Strikes out swinging
Batting: RHB Jordan Williams 0-0: Called Strike
0-1: Swinging Strike
0-2: Strikes out looking
Batting: RHB Greg Marlar 0-0: Ball
1-0: Swinging Strike
1-1: SINGLE (Groundball, 34D, EV 110.0 MPH)
Daniel Lopez to second
Runner from 2nd tries for 3rd, SAFE, throw by RF made to third
Greg Marlar to second
Batting: RHB Ray Finkle 0-0: Ball
1-0: Swinging Strike
1-1: Foul Ball, location: 2F
1-2: Strikes out looking
Top of the 2nd over - 0 runs, 1 hit, 0 errors, 2 left on base; Corpus Christi 0 - Jackson 1
BOTTOM OF THE 2ND
Jackson Generals batting - Pitching for Corpus Christi Hooks : RHP Chad Curry
Batting: RHB Sean Peake 0-0: DOUBLE (Groundball, 5L, EV 108.8 MPH)
Batting: RHB Brad Robidas 0-0: Ball
1-0: Ball
2-0: Foul Ball, location: 2F
2-1: Called Strike
2-2: Ball
3-2: Reached on error, E4 (Groundball, 4, EV 101.3 MPH)
Sean Peake scores
Batting: LHB Justin Long 0-0: Ball
1-0: Ball
2-0: Called Strike
2-1: SINGLE (Groundball, 4M, EV 112.5 MPH)
Brad Robidas to third
Runner from 3rd tries for Home, SAFE, throw by CF to home
Batting: RHB Malik Brookshire 0-0: Ball
1-0: Ball
2-0: Foul Ball, location: 2F
2-1: Foul Ball, location: 2F
2-2: Foul Ball, location: 2F
2-2: SINGLE (Line Drive, 89M, EV 103.8 MPH)
Justin Long to second
Batting: LHB Jerrod Cluck 0-0: Grounds into double play, 6-4-3 (Groundball, 6, EV 103.8 MPH)
Justin Long to third
Batting: LHB Cliff Thomas 0-0: Foul Ball, location: 2F
0-1: DOUBLE (Line Drive, 89D, EV 109.4 MPH)
Justin Long scores
Batting: LHB Tom Reynolds 0-0: Foul Ball, location: 2F
0-1: SINGLE (Groundball, 4, EV 106.3 MPH)
Cliff Thomas to third
Runner from 3rd tries for Home, SAFE, throw by CF to home
Batting: RHB Harutomi Matsubara 0-0: Fly out, F9 (Flyball, 89D, EV 85.0 MPH)
Bottom of the 2nd over - 4 runs, 5 hits, 1 error, 1 left on base; Corpus Christi 0 - Jackson 5
TOP OF THE 3RD
Corpus Christi Hooks batting - Pitching for Jackson Generals : RHP Chris Gilbo
Batting: RHB Chris McGrath 0-0: Swinging Strike
0-1: Ground out 3-1 (Groundball, 34, EV 105.6 MPH)
Batting: RHB Antonio Gamez 0-0: Called Strike
0-1: Ball
1-1: Ball
2-1: Ground out 6-3 (Groundball, 6, EV 91.9 MPH)
Batting: RHB Antonio Aranda 0-0: Foul Ball, location: 2F
0-1: Ball
1-1: Foul Ball, location: 2F
1-2: Ground out 5-3 (Groundball, 56S, EV 90.6 MPH)
Top of the 3rd over - 0 runs, 0 hits, 0 errors, 0 left on base; Corpus Christi 0 - Jackson 5
BOTTOM OF THE 3RD
Jackson Generals batting - Pitching for Corpus Christi Hooks : RHP Chad Curry
Batting: LHB Dwain Ashford 0-0: Called Strike
0-1: Foul Ball, location: 2F
0-2: Ball
1-2: Ball
2-2: SINGLE (Groundball, 4MD, EV 98.1 MPH)
Batting: RHB Sean Peake 0-0: Ball
1-0: Ball
2-0: Foul Ball, location: 2F
2-1: Fielders Choice at 2nd, 6-4 (Groundball, 6, EV 103.8 MPH)
Batting: RHB Brad Robidas 0-0: Ball
1-0: Foul Ball, location: 2F
1-1: Ball
2-1: Foul Ball, location: 2F
2-2: Foul Ball, location: 2F
2-2: Foul Ball, location: 2F
2-2: Foul Ball, location: 2F
2-2: Ball
3-2: Foul Ball, location: 2F
3-2: Foul Ball, location: 2F
3-2: Foul Ball, location: 2F
3-2: Base on Balls
Sean Peake to second
Batting: LHB Justin Long 0-0: Ball
1-0: DOUBLE (Flyball, 8LXD, EV 94.4 MPH)
Sean Peake scores
Brad Robidas to third
Runner from 3rd tries for Home, SAFE, throw by CF to home
Batting: RHB Malik Brookshire 0-0: Ball
1-0: Called Strike
1-1: 2-RUN HOME RUN (Flyball, 7LD, EV 94.4 MPH), Distance : 368 ft
Pitching: RHP Michael Bruce
Batting: LHB Jerrod Cluck 0-0: Ball
1-0: Ball
2-0: Ground out 1-3 (Groundball, 34S, EV 71.9 MPH)
Batting: LHB Cliff Thomas 0-0: Ball
1-0: Ball
2-0: DOUBLE (Line Drive, 78D, EV 105.0 MPH)
Batting: LHB Tom Reynolds 0-0: Ground out U3 (Groundball, 3, EV 105.0 MPH)
Bottom of the 3rd over - 4 runs, 4 hits, 0 errors, 1 left on base; Corpus Christi 0 - Jackson 9
TOP OF THE 4TH
Corpus Christi Hooks batting - Pitching for Jackson Generals : RHP Chris Gilbo
Batting: LHB Sean Trueblood 0-0: Ball
1-0: Called Strike
1-1: Ball
2-1: Swinging Strike
2-2: Strikes out looking
Batting: LHB Daniel Lopez 0-0: Foul Ball, location: 2F
0-1: SINGLE (Groundball, 34D, EV 95.6 MPH)
Batting: RHB Jim Huff 0-0: Ball
1-0: Foul Ball, location: 2F
1-1: SINGLE (Groundball, 34D, EV 96.9 MPH)
Daniel Lopez to second
Batting: RHB Jordan Williams 0-0: Called Strike
0-1: Fly out, F8 (Flyball, 8RD, EV 105.0 MPH)
Pitching: RHP Tony Holley
Batting: RHB Greg Marlar 0-0: Ball
1-0: Called Strike
1-1: Ball
2-1: Ground out 6-3 (Groundball, 6M, EV 81.9 MPH)
Top of the 4th over - 0 runs, 2 hits, 0 errors, 2 left on base; Corpus Christi 0 - Jackson 9
BOTTOM OF THE 4TH
Jackson Generals batting - Pitching for Corpus Christi Hooks : RHP Michael Bruce
Batting: RHB Harutomi Matsubara 0-0: Ball
1-0: Swinging Strike
1-1: Ball
2-1: Fly out, F9 (Flyball, 9D, EV 88.8 MPH)
Batting: LHB Dwain Ashford 0-0: Called Strike
0-1: Ball
1-1: Foul Ball, location: 2F
1-2: Ground out 1-3 (Groundball, 15S, EV 65.6 MPH)
Batting: RHB Sean Peake 0-0: Ball
1-0: Ground out 6-3 (Groundball, 6, EV 83.8 MPH)
Bottom of the 4th over - 0 runs, 0 hits, 0 errors, 0 left on base; Corpus Christi 0 - Jackson 9
TOP OF THE 5TH
Corpus Christi Hooks batting - Pitching for Jackson Generals : RHP Tony Holley
Batting: RHB Ray Finkle 0-0: Foul Ball, location: 2F
0-1: Ball
1-1: Foul Ball, location: 2F
1-2: Strikes out swinging
Batting: RHB Chris McGrath 0-0: SINGLE (Line Drive, 34D, EV 94.4 MPH)
Batting: RHB Antonio Gamez 0-0: Ball
Chris McGrath steals 2nd base
1-0: Called Strike
1-1: Ground out 6-3 (Groundball, 6, EV 85.0 MPH)
Chris McGrath to third
Batting: RHB Antonio Aranda 0-0: Ground out 4-3 (Groundball, 4, EV 105.6 MPH)
Top of the 5th over - 0 runs, 1 hit, 0 errors, 1 left on base; Corpus Christi 0 - Jackson 9
BOTTOM OF THE 5TH
Jackson Generals batting - Pitching for Corpus Christi Hooks : RHP Michael Bruce
Batting: RHB Brad Robidas 0-0: Ball
1-0: Foul Ball, location: 2F
1-1: Foul Ball, location: 2F
1-2: Ball
2-2: Strikes out swinging
Batting: LHB Justin Long 0-0: Swinging Strike
0-1: Swinging Strike
0-2: Ball
1-2: Strikes out swinging
Batting: RHB Malik Brookshire 0-0: Foul Ball, location: 2F
0-1: SINGLE (Groundball, 56D, EV 95.6 MPH)
Batting: LHB Jerrod Cluck 0-0: Foul Ball, location: 2F
0-1: Ball
1-1: Called Strike
1-2: Foul Ball, location: 2F
1-2: Ball
2-2: Ball
3-2: Base on Balls
Malik Brookshire to second
Batting: LHB Cliff Thomas 0-0: Ball
1-0: Foul Ball, location: 2F
1-1: Ball
2-1: Ground out 3-1 (Groundball, 34, EV 94.4 MPH)
Bottom of the 5th over - 0 runs, 1 hit, 0 errors, 2 left on base; Corpus Christi 0 - Jackson 9
TOP OF THE 6TH
Corpus Christi Hooks batting - Pitching for Jackson Generals : RHP Tony Holley
Batting: LHB Sean Trueblood 0-0: Called Strike
0-1: Ball
1-1: Ball
2-1: Fly out, F7 (Flyball, 7, EV 78.1 MPH)
Batting: LHB Daniel Lopez 0-0: Foul Ball, location: 2F
0-1: Called Strike
0-2: Strikes out swinging
Batting: RHB Jim Huff 0-0: Called Strike
0-1: Swinging Strike
0-2: Strikes out looking
Top of the 6th over - 0 runs, 0 hits, 0 errors, 0 left on base; Corpus Christi 0 - Jackson 9
BOTTOM OF THE 6TH
Jackson Generals batting - Pitching for Corpus Christi Hooks : RHP Michael Bruce
Batting: LHB Tom Reynolds 0-0: Ball
1-0: Ground out 4-3 (Groundball, 4, EV 109.4 MPH)
Batting: RHB Harutomi Matsubara 0-0: Ball
1-0: Fly out, F4 (Popup, 3S, EV 81.9 MPH)
Batting: LHB Dwain Ashford 0-0: Ground out 4-3 (Groundball, 13, EV 88.8 MPH)
Bottom of the 6th over - 0 runs, 0 hits, 0 errors, 0 left on base; Corpus Christi 0 - Jackson 9
TOP OF THE 7TH
Corpus Christi Hooks batting - Pitching for Jackson Generals : RHP Tony Holley
Batting: RHB Jordan Williams 0-0: Foul Ball, location: 2F
0-1: Swinging Strike
0-2: Strikes out swinging
Batting: RHB Greg Marlar 0-0: Called Strike
0-1: Ball
1-1: Swinging Strike
1-2: Strikes out swinging
Batting: RHB Ray Finkle 0-0: Ball
1-0: Swinging Strike
1-1: Ball
2-1: Swinging Strike
2-2: Ball
3-2: Foul Ball, location: 2F
3-2: Base on Balls
Batting: RHB Chris McGrath 0-0: Foul Ball, location: 2F
0-1: Ball
1-1: Ball
2-1: Ground out 6-3 (Groundball, 6S, EV 67.5 MPH)
Top of the 7th over - 0 runs, 0 hits, 0 errors, 1 left on base; Corpus Christi 0 - Jackson 9
BOTTOM OF THE 7TH
Jackson Generals batting - Pitching for Corpus Christi Hooks : RHP Michael Bruce
Batting: RHB Sean Peake 0-0: Ball
1-0: Ball
2-0: Ball
3-0: Base on Balls
Pitching: RHP Jon Manwaring
Batting: RHB Brad Robidas 0-0: Called Strike
0-1: Ball
1-1: Swinging Strike
1-2: Strikes out swinging
Batting: LHB Justin Long 0-0: Called Strike
0-1: Called Strike
0-2: Ball
1-2: Strikes out swinging
Batting: RHB Malik Brookshire 0-0: Ball
1-0: Ball
2-0: Called Strike
2-1: Ground out 4-3 (Groundball, 34, EV 91.9 MPH)
Bottom of the 7th over - 0 runs, 0 hits, 0 errors, 1 left on base; Corpus Christi 0 - Jackson 9
TOP OF THE 8TH
Corpus Christi Hooks batting - Pitching for Jackson Generals : RHP Tony Holley
Pitching: RHP Tyler Rayner
Batting: RHB Antonio Gamez 0-0: DOUBLE (Groundball, 3L, EV 97.5 MPH)
Batting: RHB Antonio Aranda 0-0: Fly out, F8 (Flyball, 8LM, EV 82.5 MPH)
Pitching: LHP Matt Purke Jr.
Pinch Hitting: LHB Angelo Vasquez 0-0: Called Strike
0-1: Fly out, F8 (Flyball, 78XD, EV 100.6 MPH)
Runner from 2nd tags up, SAFE at 3rd, no throw by CF
Batting: LHB Daniel Lopez 0-0: Ball
1-0: Ball
2-0: Ground out U3 (Groundball, 34, EV 93.1 MPH)
Top of the 8th over - 0 runs, 1 hit, 0 errors, 1 left on base; Corpus Christi 0 - Jackson 9
BOTTOM OF THE 8TH
Jackson Generals batting - Pitching for Corpus Christi Hooks : RHP Jon Manwaring
Now at 1B: Angelo Vasquez
Batting: LHB Jerrod Cluck 0-0: Ball
1-0: Foul Ball, location: 2F
1-1: Ground out 6-3 (Groundball, 6S, EV 88.1 MPH)
Batting: LHB Cliff Thomas 0-0: Ball
1-0: Ball
2-0: Called Strike
2-1: Foul Ball, location: 2F
2-2: Foul Ball, location: 2F
2-2: Strikes out swinging
Batting: LHB Tom Reynolds 0-0: Ball
1-0: Ball
2-0: Ball
3-0: Base on Balls
Batting: RHB Harutomi Matsubara 0-0: Ball
1-0: Fly out, F7 (Flyball, 7LD, EV 101.3 MPH)
Bottom of the 8th over - 0 runs, 0 hits, 0 errors, 1 left on base; Corpus Christi 0 - Jackson 9
TOP OF THE 9TH
Corpus Christi Hooks batting - Pitching for Jackson Generals : LHP Matt Purke Jr.
Batting: RHB Jim Huff 0-0: Fly out, F9 (Flyball, 89M, EV 90.6 MPH)
Batting: RHB Jordan Williams 0-0: Foul Ball, location: 2F
0-1: Called Strike
0-2: Ball
1-2: Foul Ball, location: 2F
1-2: Ball
2-2: SINGLE (Groundball, 4MD, EV 97.5 MPH)
Batting: RHB Greg Marlar 0-0: Foul Ball, location: 2F
0-1: Foul Ball, location: 2F
0-2: Foul Ball, location: 2F
0-2: Strikes out swinging
Batting: RHB Ray Finkle Pickoff Throw to First - Out! 1-3
Top of the 9th over - 0 runs, 1 hit, 0 errors, 0 left on base; Corpus Christi 0 - Jackson 9
Thursday, March 31st , 2022 - OOTP Baseball 22.12 Build 89